 Dungeon Crawl Stone Soup version 0.27-a0-1196-g3e9cee4cb2 (webtiles) character file.

Game seed: 1361486521295572299

111 bilbop the Skirmisher (level 4, -1/41 HPs)
             Began as a Minotaur Fighter on May 29, 2021.
             Slain by an ice beast (4 damage)
             ... on level 3 of the Dungeon.
             The game lasted 00:07:26 (1880 turns).

bilbop the Skirmisher (Minotaur Fighter)            Turns: 1880, Time: 00:07:27

Health: -1/41      AC:  8    Str: 21    XL:     4   Next: 62%
Magic:  4/4        EV:  7    Int:  5    God:
Gold:   102        SH:  9    Dex: 10    Spells: 5/5 levels left

rFire    . . .     SeeInvis .   a - +0 flail
rCold    . . .     Faith    .   c - +0 kite shield
rNeg     . . .     Spirit   .   b - +0 scale mail
rPois    .         Reflect  .   (helmet restricted)
rElec    .         Harm     .   (no cloak)
rCorr    .         Rampage  .   e - +0 pair of gloves
Will     .....                  (no boots)
Stlth    ..........             (no amulet)
HPRegen  0.13/turn              i - ring of flight
MPRegen  0.09/turn              (no ring)

@: flying
A: horns 2, retaliatory headbutt
a: no special abilities


You were on level 3 of the Dungeon.
You visited 1 branch of the dungeon, and saw 3 of its levels.

You collected 102 gold pieces.

Inventory:

Hand Weapons
 a - a +0 flail (weapon)
 g - a +0 whip
Armour
 b - a +0 scale mail (worn)
 c - a +0 kite shield (worn)
 e - a +0 pair of gloves (worn)
Jewellery
 i - a ring of flight (left hand)
Scrolls
 h - 2 scrolls of identify {unknown}
 k - a scroll of immolation {unknown}
 l - a scroll of holy word {unknown}
 m - a scroll of enchant armour {unknown}
Potions
 d - a potion of might
 f - a potion of heal wounds {unknown}
 j - 2 potions of magic {unknown}


   Skills:
 + Level 4.3 Fighting
 + Level 3.3 Maces & Flails
 + Level 4.3 Armour
 + Level 4.3 Shields
 + Level 1.1 Spellcasting


You had 5 spell levels left.
You didn't know any spells.
Your spell library was empty.

Dungeon Overview and Level Annotations

Branches:
Dungeon (3/15)

Altars:
Hepliaklqana


Innate Abilities, Weirdness & Mutations

You have a pair of horns on your head.
You reflexively headbutt those who attack you in melee.


Message History

The goblin shouts!
The goblin hits you but does no damage. You block the goblin's attack.
You sock the goblin!
You kill the goblin!
You closely miss the goblin. The goblin closely misses you.
You furiously retaliate!
You headbutt the goblin!
You kill the goblin!
You hit the ice beast.
The ice beast is lightly wounded.
The ice beast hits you but does no damage.
You hit the ice beast.
The ice beast is moderately wounded.
The ice beast hits you but does no damage.
The ice beast hits you. The ice beast freezes you!
You hit the ice beast but do no damage.
The ice beast is moderately wounded.
The ice beast hits you but does no damage.
You closely miss the ice beast.
The ice beast is moderately wounded.
The ice beast hits you but does no damage.
The ice beast hits you. The ice beast freezes you!
* * * LOW HITPOINT WARNING * * *
You hit the ice beast but do no damage.
The ice beast is moderately wounded.
The ice beast hits you but does no damage.
You closely miss the ice beast. Your headbutt misses the ice beast.
The ice beast is moderately wounded.
The ice beast hits you but does no damage.
You block the ice beast's attack.
You hit the ice beast but do no damage.
You headbutt the ice beast, but do no damage.
The ice beast is moderately wounded.
The ice beast closely misses you. You furiously retaliate!
You headbutt the ice beast! You hit the ice beast but do no damage.
The ice beast is heavily wounded.
The ice beast hits you but does no damage.
The ice beast hits you.
You die...

...................
#)...........#..##
#............#.... .
#.......#.#..#..#. ...
#.......#.#...).).
.....###.......#.##..))..
.........#.#...#.####.##.
#########Y#...###.).Y...#.
........#@###.# ######..#.
#...##.###.# ####
#........#.# #...##..##.#
#####....#..##.#
#....)...#..##.#
#....#....#..##.# ##.#
#..<....# #......####.#


You could see an ice beast.

Vanquished Creatures
  Robin (D:3)
  4 gnolls (D:3)
  An adder (D:2)
  9 bats
  2 endoplasms
  2 giant cockroaches (D:1)
  7 goblins
  4 hobgoblins
  8 jackals
  A quokka (D:2)
  2 ball pythons
  2 frilled lizards (D:2)
  5 kobolds
  2 rats
50 creatures vanquished.

Notes
Turn   | Place    | Note
-------+----------+-------------------------------------------
     0 | D:1      | bilbop the Minotaur Fighter began the quest for the Orb.
     0 | D:1      | Reached XP level 1. HP: 19/19 MP: 0/0
   243 | D:1      | Found a faded altar of an unknown god.
   367 | D:1      | Reached XP level 2. HP: 25/27 MP: 1/1
   969 | D:2      | Reached XP level 3. HP: 33/33 MP: 2/2
  1126 | D:2      | Found a hazy altar of Hepliaklqana.
  1732 | D:3      | Noticed Robin
  1741 | D:3      | Killed Robin
  1754 | D:3      | Reached XP level 4. HP: 22/40 MP: 4/4
  1755 | D:3      | Reached skill level 1 in Spellcasting
  1852 | D:3      | Noticed an ice beast
  1876 | D:3      | HP: 2/41 [ice beast (12)]
  1880 | D:3      | Slain by an ice beast

Illustrated notes

Levels and vault maps discovered:
D:1:      ncdulo_wetmaze, layout_basic, basic_ecumenical_altar
D:2:      layout_rooms, serial_co_window_serial, co_window_paths_a,
          co_window_paths_a, co_window_paths_a, co_window_of_opportunity_a,
          co_window_paths_a, co_window_paths_b, co_window_paths_b,
          co_window_broadway_b, co_window_of_opportunity_c, co_window_corner_b,
          co_window_sun, co_window_paths_d, basic_altar, minmay_pentomino_s2
D:3:      minmay_general_purpose_star, layout_basic,
          nicolae_yredelemnul_ghost_church, lemuel_round_altar,
          serial_corexii_hall, chequers_hall_statues_corner_a,
          corexii_hall_statues_x, chequers_hall_statues_corner_a,
          corexii_hall_statues_x, uniq_robin

Skill      XL: |  1  2  3  4 |
---------------+-------------+-----
Fighting       | 4 |  4.3
Armour         | 4 |  4.3
Shields        | 4 |  4.3
Maces & Flails | 3 |  3.3
Spellcasting   | 1 |  1.1

Action                   |  1- 3 |  4- 6 || total
-------------------------+-------+-------++-------
Melee: Flail             |    99 |    27 ||   126
       Headbutt          |    14 |     3 ||    17
Armor: Scale mail        |    69 |    12 ||    81
Dodge: Dodged            |    34 |     6 ||    40
Block: Kite shield       |    73 |     8 ||    81

Table legend: (Time is in decaauts)
 A = Elapsed time spent in this place.
 B = Non-inter-level travel time spent in this place.
 C = Inter-level travel time spent in this place.
 D = Time resting spent in this place.
 E = Time spent auto-exploring this place.
 F = Levels seen in this place.
 G = Mean time per level.
                   A        B        C        D        E       F      G
               +--------+--------+--------+--------+--------+-----+--------+
         Total |   1941 |   1875 |     66 |     81 |   1491 |   3 |  647.0 |
       Dungeon |   1941 |   1875 |     66 |     81 |   1491 |   3 |  647.0 |
               +--------+--------+--------+--------+--------+-----+--------+

Top non-repeatable levels by time:
     D:2: 951 daAuts
     D:1: 742 daAuts
     D:3: 248 daAuts
